Map: Efflorescence LE

Players

Nigrnog

  • Race: Zerg Zerg
  • League: Silver
  • Spawn Location: 12:00

MooEsqoo

  • Race: Zerg Zerg
  • Spawn Location: 3:00

BERENOR

  • Race: Zerg Zerg
  • Spawn Location: 9:00

Ender

  • Race: Terran Terran
  • League: Gold
  • Spawn Location: 6:00

VOD

Have the link to the VOD?

Description

Time

  • Played on: Dec. 23, 2019, 7:22 a.m.
  • Length: 22:56
Show
View Real Time Build Order
Export as new Build Order

Nigrnog Zerg 

Build Orders: Hatch First 

Get SALT Encoding   

  12  0:01  Drone  
  13  0:13  Overlord  
  13  0:21  Drone  
  14  0:32  Drone  
  14  0:34  Drone  
  16  0:51  Hatchery  
  16  0:56  Drone  
  16  0:58  Drone  
  16  1:03  Extractor  
  16  1:04  Drone  
  17  1:09  Drone  
  18  1:19  Drone  
  19  1:31  Drone  
  20  1:36  Spawning Pool  
  19  1:41  Extractor  
  19  1:42  Drone  
  19  1:52  Drone  
  20  2:04  Drone  
  21  2:11  Drone  
  21  2:15  Overlord  
  22  2:19  Drone  
  23  2:23  Metabolic Boost  
  23  2:24  Queen  
  23  2:27  Queen  
  27  2:32  Zergling x2  
  27  2:33  Zergling x2  
  29  2:56  Drone x2  
  31  3:00  Zergling x6  
  34  3:09  Zergling x4  
  36  3:30  Overlord x2  
  36  3:40  Overlord  
  36  3:59  Hatchery, Zergling x6  
  36  4:00  Zergling x8  
  42  4:10  Zergling x6  
  42  4:11  Zergling x6  
  42  4:13  Lair  
  48  4:24  Zergling x4  
  50  4:34  Zergling x2  
  49  4:57  Zergling x2  
  49  4:58  Zergling x14  
  53  5:16  Zergling x8  
  46  5:31  Zergling x4  
  46  5:32  Zergling x6  
  45  5:48  Zergling x6  
  45  5:49  Zergling x2  
  49  5:53  Queen  
  51  6:02  Queen  
  53  6:12  Drone x3  
  53  6:15  Drone  
  53  6:16  Drone x2  
  59  6:20  Spire  
  59  6:24  Hatchery  
  59  6:32  Zergling x4  
  59  6:33  Zergling x2  
  60  6:40  Evolution Chamber  
  60  6:46  Extractor  
  58  6:52  Extractor  
  57  6:59  Baneling Nest  
  56  7:04  Queen  
  56  7:05  Drone x4  
  62  7:14  Infestation Pit  
  62  7:15  Drone x2  
  63  7:25  Drone x3  
  61  8:01  Drone x2  
  61  8:02  Drone x7  
  61  8:03  Drone  
  71  8:13  Zerg Flyer Weapons Level 1  
  71  8:16  Hive  
  71  8:45  Overlord x5  
  71  8:47  Hatchery  
  70  9:00  Drone  
  70  9:02  Overlord x5  
  71  9:03  Overlord  
  71  9:05  Drone x2  
  71  9:06  Drone  
  71  9:09  Drone  
  75  9:17  Drone x4  
  77  9:19  Drone  
  77  9:20  Drone  
  77  9:21  Drone  
  77  9:23  Drone  
  83  9:25  Drone  
  83  9:28  Drone  
  85  9:31  Queen  
  85  9:37  Queen  
  89  9:38  Drone x3  
  89  9:39  Drone x2  
  94  10:06  Extractor  
  93  10:07  Queen  
  93  10:08  Corruptor, Overlord x2  
  93  10:09  Corruptor x5, Mutalisk, Extractor  
  93  10:10  Mutalisk x2  
  93  10:13  Drone  
  93  10:14  Drone  
  114  10:16  Drone x2  
  116  10:52  Zerg Ground Armor Level 1  
  116  10:53  Zerg Flyer Armor Level 1  
  116  10:58  Corruptor x3  
  116  10:59  Corruptor x2, Mutalisk x4, Spire  
  116  11:00  Mutalisk  
  135  11:26  Drone x2  
  135  11:27  Queen  
  139  12:02  Corruptor  
  139  12:03  Corruptor x2, Mutalisk x5  
  139  12:04  Mutalisk x3  
  139  12:06  Overlord x5  
  161  12:21  Drone x4  
  161  12:22  Drone x2  
  167  12:26  Extractor  
  166  12:30  Extractor  
  165  12:40  Corruptor x5  
  165  12:41  Corruptor  
  165  12:44  Zergling x16  
  180  12:45  Zergling x10  
  180  12:46  Overlord x2  
  190  12:53  Zerg Flyer Weapons Level 2  
  190  13:10  Zerg Flyer Armor Level 2  
  190  13:17  Spawning Pool  
  190  13:27  Spire  
  155  13:55  Corruptor, Mutalisk  
  143  13:56  Mutalisk x4  
  143  13:57  Zergling x12  
  143  13:58  Zergling x14  
  143  13:59  Overlord, Zergling x16  
  143  14:00  Zergling x2  
  107  14:45  Greater Spire  
  107  14:47  Zergling x14  
  107  14:48  Zergling x10  
  96  15:58  Brood Lord x7  
  111  16:11  Brood Lord  
  108  16:19  Drone x3  
  108  16:24  Spawning Pool  
  94  17:12  Lair  
  94  17:18  Roach Warren  
  94  17:20  Drone x3  
  96  17:23  Drone x4  
  96  17:24  Drone x5  
  105  18:08  Zergling x6  
  108  18:14  Spire  
  108  18:16  Hydralisk Den  
  106  18:37  Hatchery  
  105  18:56  Queen  
  105  18:57  Drone  
  105  18:58  Drone x2  
  105  18:59  Queen  
  112  19:03  Hatchery  
  111  19:25  Infestation Pit  
  110  19:37  Drone x3  
  110  19:38  Hatchery  
  114  19:50  Drone  
  113  20:00  Drone x3  
  113  20:03  Hive  
  113  20:06  Corruptor  
  113  20:07  Corruptor  
  120  20:17  Drone x2  
  121  20:41  Drone  
  121  20:42  Drone  
  123  20:49  Extractor  
  122  20:50  Extractor  
  122  20:53  Hydralisk x3  
  122  20:54  Hydralisk x6  
  139  21:02  Muscular Augments  
  139  21:07  Drone x2  
  141  21:18  Greater Spire  
  141  21:19  Hydralisk x2  
  141  21:20  Hydralisk x2  
  149  21:27  Evolution Chamber  
  148  21:41  Overlord  
  148  21:42  Overlord x3  
  148  21:59  Overlord x4  
  148  22:00  Hatchery  
  147  22:06  Hydralisk  
  149  22:09  Queen  
Show
View Real Time Build Order
Export as new Build Order

MooEsqoo Zerg 

Build Orders: Hatch First, Brood Lord Corruptor, Swarm Host 

Get SALT Encoding   

  12  0:02  Drone  
  13  0:13  Overlord  
  13  0:18  Drone  
  14  0:31  Drone x2  
  16  0:39  Drone  
  17  0:49  Drone  
  18  1:06  Hatchery  
  17  1:12  Extractor  
  17  1:14  Overlord, Drone  
  17  1:20  Drone  
  18  1:29  Spawning Pool  
  18  1:31  Drone  
  18  1:42  Overlord  
  18  1:52  Drone  
  19  2:04  Drone  
  20  2:17  Drone  
  21  2:27  Zergling x4  
  21  2:28  Metabolic Boost  
  23  2:34  Zergling x4  
  25  2:40  Queen x2  
  25  2:44  Zergling x2  
  30  2:53  Zergling x4  
  32  3:01  Zergling x2  
  33  3:06  Drone x2  
  35  3:15  Drone  
  36  3:29  Drone x3  
  39  3:39  Drone  
  39  3:40  Drone  
  41  3:47  Drone  
  42  3:49  Drone x2  
  44  3:57  Overlord x3  
  44  3:58  Overlord  
  44  4:11  Lair  
  44  4:22  Extractor  
  44  4:23  Drone, Extractor  
  44  4:24  Drone x3  
  45  4:25  Drone, Roach Warren  
  45  4:28  Evolution Chamber x2  
  45  4:30  Extractor  
  42  4:57  Drone  
  42  4:58  Drone x7  
  42  4:59  Drone  
  44  5:08  Roach  
  44  5:09  Roach  
  44  5:10  Zerg Missile Weapons Level 1  
  44  5:11  Zerg Ground Armor Level 1  
  48  5:17  Overseer  
  48  5:33  Roach x3  
  54  5:46  Roach x3  
  60  5:51  Queen x2  
  60  5:54  Hatchery  
  60  5:55  Glial Reconstitution  
  63  5:57  Roach  
  63  5:58  Roach x2  
  69  6:06  Overlord x4  
  71  6:11  Roach x3  
  75  6:21  Drone  
  76  6:34  Roach  
  76  6:35  Roach x2  
  76  6:36  Roach  
  84  6:54  Roach x6  
  88  6:55  Roach  
  88  6:58  Ravager x4  
  102  7:14  Zerg Missile Weapons Level 2  
  102  7:21  Roach x4  
  110  7:23  Drone x4  
  114  7:56  Infestation Pit  
  114  7:57  Overlord  
  114  7:58  Overlord x3  
  113  7:59  Overlord x3  
  113  8:01  Spire  
  112  8:21  Drone x3  
  112  8:23  Drone x2  
  112  8:24  Drone  
  118  8:31  Zerg Ground Armor Level 2  
  118  8:33  Swarm Host x3  
  127  8:43  Swarm Host x2  
  133  8:52  Swarm Host  
  136  9:06  Swarm Host x2  
  142  9:32  Swarm Host x2  
  142  9:36  Nydus Network  
  147  9:50  Nydus Network  
  146  10:11  Corruptor x2  
  150  10:28  Hive  
  150  10:31  Extractor  
  150  10:35  Extractor  
  148  10:50  Corruptor x2  
  148  10:51  Corruptor  
  154  11:08  Nydus Canal  
  152  11:58  Corruptor  
  152  11:59  Corruptor x5  
  152  12:00  Corruptor  
  166  12:13  Overseer  
  166  12:18  Greater Spire  
  166  12:38  Corruptor x2  
  166  12:41  Overlord  
  166  12:42  Overlord x7  
  170  12:56  Nydus Canal  
  170  13:41  Corruptor x5  
  168  14:10  Roach x2  
  168  14:11  Roach x3  
  172  14:23  Brood Lord x4  
  172  14:24  Brood Lord x3  
  108  15:08  Roach x4  
  108  15:09  Roach x5  
  119  15:30  Brood Lord x2  
  119  15:31  Brood Lord x3  
  126  15:35  Corruptor x2  
  110  16:48  Corruptor x3  
  110  16:49  Corruptor x4  
  124  17:12  Zergling x2  
  124  17:13  Zergling x10  
  130  17:31  Overseer  
  130  17:32  Overseer  
  130  17:33  Overseer  
  130  17:54  Brood Lord x2  
  120  18:45  Extractor  
  120  18:47  Hatchery  
  118  18:48  Hatchery  
  117  19:09  Spire  
  116  19:31  Extractor  
  116  19:35  Extractor  
  114  20:16  Nydus Canal  
Show
View Real Time Build Order
Export as new Build Order

BERENOR Zerg 

Build Orders: Hatch First, Lurkers 

Get SALT Encoding   

  12  0:04  Drone  
  13  0:08  Drone  
  14  0:19  Overlord  
  14  0:28  Extractor  
  13  0:29  Drone  
  14  0:42  Drone x2  
  16  1:03  Drone  
  17  1:06  Drone  
  17  1:09  Hatchery  
  17  1:13  Drone  
  18  1:24  Drone  
  19  1:33  Spawning Pool  
  19  1:35  Drone  
  19  1:50  Drone  
  19  1:53  Extractor  
  19  1:59  Evolution Chamber  
  18  2:03  Drone x2  
  20  2:14  Drone  
  21  2:21  Metabolic Boost  
  21  2:23  Lair  
  21  2:27  Drone  
  22  2:32  Drone x2  
  24  2:37  Zerg Melee Weapons Level 1  
  24  2:46  Queen  
  26  2:52  Drone  
  26  2:56  Drone  
  28  2:59  Overlord  
  28  3:22  Queen  
  28  3:23  Hydralisk Den  
  29  3:28  Zergling x2  
  29  3:29  Zergling x8  
  34  3:37  Zergling x2  
  35  3:54  Zergling x2  
  35  3:55  Overlord x2  
  36  3:56  Overlord  
  36  4:07  Overlord  
  36  4:32  Zerg Melee Weapons Level 2  
  36  4:35  Zergling x4  
  36  4:36  Zergling x8  
  41  4:49  Zergling x12  
  38  5:06  Zergling x4  
  38  5:07  Zergling x4  
  38  5:17  Zergling x4  
  29  5:38  Drone x2  
  31  5:43  Zergling x4  
  31  5:48  Queen  
  35  5:54  Zergling x4  
  35  5:55  Zergling x2  
  38  6:02  Lurker Den  
  37  6:06  Zergling x2  
  37  6:07  Zergling x6  
  41  6:31  Zergling x8  
  41  6:32  Hydralisk x2  
  45  6:33  Hydralisk  
  51  6:54  Zerg Missile Weapons Level 1  
  53  7:01  Lurker x2  
  53  7:05  Hydralisk x3  
  59  7:32  Lurker x3  
  62  7:52  Hydralisk x2  
  62  7:53  Hydralisk  
  62  7:55  Overlord  
  62  7:56  Overlord  
  68  8:20  Evolution Chamber  
  67  8:31  Hydralisk  
  67  8:32  Hydralisk x4  
  77  8:40  Drone x2  
  77  8:41  Drone x2  
  81  9:04  Hatchery  
  80  9:20  Drone x4  
  80  9:23  Overlord  
  84  9:26  Extractor  
  84  9:28  Drone, Extractor  
  83  9:32  Drone  
  84  9:53  Overseer  
  84  9:58  Pneumatized Carapace  
  84  10:03  Drone x5  
  89  10:16  Drone  
  89  10:17  Drone x3  
  95  10:24  Queen  
  95  10:40  Zerg Missile Weapons Level 2  
  95  10:42  Zerg Ground Armor Level 1  
  95  11:03  Overlord x4  
  95  11:09  Overseer  
  95  11:26  Infestation Pit  
  94  11:53  Hydralisk x6  
  94  11:54  Hydralisk x3  
  112  12:15  Baneling Nest  
  111  12:21  Spire  
  111  12:22  Hydralisk x3  
  110  12:23  Hydralisk x3  
  122  12:50  Hive  
  122  12:51  Zerg Ground Armor Level 2  
  122  12:57  Overlord x4  
  122  13:06  Overseer  
  122  13:07  Overseer  
  108  13:52  Baneling x4  
  108  13:53  Baneling x6  
  76  14:24  Hydralisk x5  
  76  14:25  Hydralisk x6  
  76  14:26  Hydralisk x4  
  94  14:57  Hydralisk x5  
  94  14:58  Hydralisk  
  104  15:57  Hydralisk x3  
  104  15:58  Hydralisk x6  
  104  16:04  Extractor  
  95  16:59  Mutalisk  
  95  17:00  Mutalisk x6  
  77  17:49  Zerg Flyer Weapons Level 1  
  77  17:58  Spire  
  70  18:17  Drone x2  
  70  18:18  Drone x5  
  70  18:19  Drone x5  
  82  18:32  Drone x3  
  85  18:38  Extractor  
  84  19:07  Hatchery  
  83  19:18  Mutalisk x2  
  83  19:19  Mutalisk x5  
  83  19:20  Mutalisk x5  
  107  19:40  Lurker  
  107  19:41  Lurker  
  109  19:49  Hatchery  
  108  20:20  Mutalisk x5  
  108  20:21  Mutalisk  
  118  20:22  Extractor  
  118  20:28  Extractor  
  112  20:55  Zerg Flyer Armor Level 1  
  112  21:19  Drone x5  
  112  21:20  Drone x6  
  112  21:21  Drone  
  124  21:41  Mutalisk x5  
Show
View Real Time Build Order
Export as new Build Order

Ender Terran 

Build Orders:  

Get SALT Encoding   

  12  0:01  SCV  
  13  0:16  Supply Depot  
  13  0:22  Refinery  
  13  0:26  SCV  
  14  0:41  Barracks  
  14  0:46  SCV  
  15  1:00  SCV  
  16  1:21  SCV  
  17  1:28  Marine  
  17  1:29  Supply Depot  
  18  1:36  SCV  
  19  1:46  Marine  
  20  1:48  SCV  
  21  2:05  Command Center  
  21  2:20  SCV  
  22  2:32  SCV  
  22  2:33  Barracks Reactor  
  23  2:47  Refinery  
  23  2:48  SCV  
  23  2:49  Factory  
  23  3:02  Orbital Command  
  23  3:36  SCV  
  24  3:42  Orbital Command  
  24  3:45  Hellion x2  
  28  3:57  SCV, Barracks Reactor  
  29  4:06  Bunker  
  30  4:10  SCV  
  30  4:18  SCV  
  30  4:21  Factory  
  30  4:22  SCV  
  32  4:33  Hellion x2  
  32  4:34  Bunker  
  32  5:09  Factory Tech Lab  
  32  5:10  Marine x2  
  36  5:14  Hellion x2  
  34  5:35  Siege Tank  
  37  5:42  SCV  
  38  5:56  Marine x2  
  40  5:58  Hellion x2  
  40  6:00  Infernal Pre-Igniter  
  40  6:01  SCV  
  45  6:04  Supply Depot  
  45  6:07  Starport  
  45  6:17  Supply Depot  
  45  6:18  Supply Depot  
  45  6:23  Armory, Marine  
  45  6:25  Siege Tank, Marine  
  46  6:27  Hellion x2  
  46  6:29  Orbital Command  
  54  6:46  Starport Reactor  
  54  6:55  SCV x2  
  56  7:01  Refinery  
  56  7:03  Refinery  
  56  7:15  Marine x2  
  56  7:16  Hellion  
  56  7:17  Hellion x2  
  64  7:45  SCV x2  
  66  8:10  Terran Vehicle Weapons Level 1  
  66  8:16  Medivac  
  66  8:17  Medivac  
  66  8:18  Command Center  
  70  8:32  Ghost Academy  
  70  8:41  Supply Depot  
  70  8:43  Supply Depot  
  70  8:47  Supply Depot  
  70  9:02  Medivac, SCV x2  
  78  9:03  Hellion x2  
  78  9:04  Medivac  
  78  9:05  Ghost, Hellion x2  
  86  9:13  Barracks  
  86  9:15  SCV x2  
  88  9:35  Barracks  
  88  9:37  Ghost  
  90  9:40  Hellion x2  
  94  9:47  SCV x2  
  96  10:08  SCV x2  
  98  10:19  Engineering Bay  
  98  10:23  Ghost  
  98  10:26  Barracks Tech Lab x2  
  100  10:30  Hellion x2  
  100  10:31  Hellion x2  
  108  10:37  SCV  
  109  10:46  Supply Depot  
  109  10:48  Supply Depot  
  109  10:50  Supply Depot x2  
  109  10:52  Supply Depot  
  109  11:07  Ghost  
  109  11:08  Medivac x2, SCV, Planetary Fortress  
  109  11:09  Ghost x2  
  109  11:10  SCV  
  119  11:52  SCV x3  
  117  12:02  Ghost x3  
  117  12:04  Hellion x2, SCV  
  117  12:05  Medivac x2  
  133  12:08  SCV x2  
  134  12:28  SCV x2  
  134  12:29  SCV  
  137  12:32  Refinery  
  137  12:33  Refinery  
  137  12:40  Ghost x3  
  137  12:42  Hellion x2  
  147  12:50  SCV x2  
  149  13:02  Factory, Supply Depot  
  149  13:03  Supply Depot  
  149  13:05  Supply Depot  
  149  13:24  SCV  
  150  13:29  Ghost x3  
  150  13:31  SCV x2  
  139  13:58  Ghost x3  
  121  14:15  Hellion x3  
  122  14:24  Factory Reactor  
  122  14:25  SCV x3  
  122  14:29  Supply Depot  
  125  14:32  Ghost x3  
  125  14:34  Supply Depot  
  104  15:06  Hellion x3  
  104  15:07  Hellion x2  
  108  15:23  Ghost  
  108  15:24  Ghost x2  
  108  15:26  Hellion  
  108  15:27  Hellion  
  108  15:28  Hellion  
  120  15:31  Medivac x2  
  124  15:53  Hellion x4  
  132  16:01  Medivac  
  80  16:54  SCV x2  
  77  17:02  Ghost x3  
  77  17:04  Hellion x5  
  77  17:05  Hellion  
  77  17:06  Orbital Command  
  95  17:25  Barracks  
  95  17:27  Barracks  
  95  17:55  Ghost x3  
  95  17:57  Hellion x3  
  107  17:58  Medivac  
  107  17:59  Medivac  
  111  18:11  Factory  
  111  18:13  Refinery  
  111  18:17  Refinery  
  111  18:18  Barracks Tech Lab x2  
  115  18:20  Hellion x5  
  115  18:21  Hellion  
  115  18:22  Command Center  
  115  18:23  Ghost x2  
  115  18:25  SCV x3  
  130  18:28  Medivac  
  130  18:29  Medivac  
  134  18:37  SCV  
  134  18:38  Supply Depot x2  
  135  18:44  Ghost x2  
  135  18:46  Hellion x2  
  135  18:47  Hellion  
  145  19:01  Supply Depot  
  145  19:22  Ghost x3  
  151  19:47  Missile Turret  
  151  19:50  Missile Turret x2  
  151  19:55  Missile Turret  
  151  20:00  Missile Turret  
  151  20:02  Missile Turret  
  151  20:03  Missile Turret  
  151  20:10  Factory Tech Lab  
  151  20:19  Ghost x4  
  151  20:20  Ghost  
  161  20:22  Hellion x3  
  167  20:47  Ghost  
  169  21:05  Ghost x4  
  177  21:31  Refinery  
  177  21:34  Refinery  
  177  21:42  Ghost x3  
Tags
 
Add a new tag
Caveats
  • Supply blocks, unpowered buildings, or Contaminate may cause inaccurate times.
  • Supply counts are checked every 10 seconds.